 Dungeon Crawl Stone Soup version 0.27-b1-42-g19c61b19a5 (webtiles) character file.

Game seed: 15748950449492850359

1057 shoop the Chiller (level 8, -6/56 HPs)
             Began as a Barachi Ice Elementalist on July 30, 2021.
             Was an Elder of Ru.
             Killed from afar by a white imp (9 damage)
             ... with a puff of frost
             ... on level 6 of the Dungeon.
             The game lasted 00:19:31 (6437 turns).

shoop the Chiller (Barachi Ice Elementalist)        Turns: 6437, Time: 00:19:32

Health: -6/56      AC:  3    Str:  9    XL:     8   Next: 27%
Magic:  21/24      EV: 12    Int: 17    God:    Ru [****..]
Gold:   306        SH:  0    Dex: 14    Spells: 8/16 levels left

rFire    . . .     SeeInvis .   E - +0 dagger (elec)
rCold    . . .     Faith    .   (shield unavailable)
rNeg     . . .     Spirit   .   h - +0 leather armour
rPois    .         Reflect  .   (no helmet)
rElec    .         Harm     .   (no cloak)
rCorr    .         Rampage  .   (no gloves)
Will     .....                  (no boots)
Stlth    ++........             (no amulet)
HPRegen  0.18/turn              (ring unavailable)
MPRegen  0.19/turn              j - ring of magical power

@: freezing walls, slow
A: amphibious, slowness 1, missing a hand, hated by all, strong legs 1, +LOS
a: Hop, Renounce Religion, Draw Out Power, Power Leap


You were on level 6 of the Dungeon.
You worshipped Ru.
Ru was greatly pleased with you.
You visited 1 branch of the dungeon, and saw 7 of its levels.
You also visited: Sewer.

You collected 306 gold pieces.

Inventory:

Hand Weapons
 b - a +4 trident
 e - a +0 hand axe
 i - a +3 dagger
 n - a +0 quarterstaff
 u - a +0 hand crossbow
 C - a +2 hand axe of flaming
 E - a +0 dagger of electrocution (weapon)
Missiles
 v - 15 bolts
Armour
 a - a +0 robe
 h - a +0 leather armour (worn)
 l - a scarf of harm
Jewellery
 j - a ring of magical power (right hand)
 m - a +6 ring of dexterity
 q - a +4 ring of evasion
Wands
 A - a wand of acid (10)
 F - a wand of flame (11)
 G - a wand of polymorph (6)
 H - a wand of iceblast (2)
Scrolls
 c - 3 scrolls of teleportation {unknown}
 o - a scroll of noise
 w - a scroll of immolation
 y - 2 scrolls of magic mapping {unknown}
 z - a scroll of fog
Potions
 d - a potion of lignification
 f - a potion of magic
 g - a potion of flight
 k - a potion of berserk rage
 p - 5 potions of heal wounds {unknown}
 r - 3 potions of haste {unknown}
 s - a potion of brilliance
 t - 2 potions of mutation {unknown}
 x - a potion of degeneration
 B - a potion of curing
 D - 2 potions of cancellation {unknown}


   Skills:
 + Level 2.1 Fighting
 - Level 2.0 Armour
 - Level 2.2 Dodging
 - Level 2.0 Stealth
 + Level 4.9 Spellcasting
 + Level 5.2 Conjurations
 + Level 7.7 Ice Magic
 + Level 3.0 Evocations


You had 8 spell levels left.
You knew the following spells:

 Your Spells              Type           Power      Damage    Failure   Level
a - Freeze                Ice            100%       1d11      1%          1
c - Frozen Ramparts       Ice            60%        1d8       2%          3
z - Hailstorm             Conj/Ice       26%        3d7       14%         4

Your spell library contained the following spells:

 Spells                   Type           Power      Damage    Failure   Level
 Ozocubu's Armour         Ice            30%        N/A       2%          3
 Apportation              Tloc           8%         N/A       21%         1


Dungeon Overview and Level Annotations

Branches:
Dungeon (7/15)             Temple (0/1) D:4           Sewer (visited)

Altars:
Ashenzari
Hepliaklqana
Qazlal
Ru
Trog
Uskayaw
Wu Jian
Xom
The Shining One


Innate Abilities, Weirdness & Mutations

You are amphibious.
You cover ground slowly.
You are missing a hand.
You are hated by all.
You can hop short distances.
You have an extended range of vision and can be seen from far away.


Message History

There is a stone staircase leading down here.
Unknown command.
Casting: Freeze (safe; 1% risk of failure)
Confirm with . or Enter, or press ? or * to list all spells.
Casting: Frozen Ramparts (dangerous; 2% risk of failure)
Press: ? - help, Dir - look around, f - activate A stone staircase leading down.
The walls around you are covered in ice.
The jelly quivers.
The wall freezes something.
Something hits you.
Deactivating autopickup; reactivate with Ctrl-A.
The wall freezes something.
Something hits you.
The centaur wields a +0 shortbow.
The centaur shoots an arrow.
The arrow hits you!
The wall freezes something.
Something hits you!
The white imp lashes its tail.
Unknown command.
The wall freezes something.
Something hits you!
The wall freezes something.
Something hits you!
* * * LOW HITPOINT WARNING * * *
You redirect the centaur's attack!
The centaur shoots an arrow.
The arrow hits the bullfrog.
The wall freezes the jelly.
The howler monkey zombie resists.
The wall freezes the howler monkey zombie.
The wall freezes something.
Something hits you.
* * * LOW HITPOINT WARNING * * *
The white imp resists.
The wall freezes the white imp.
The wall freezes the kobold brigand!
Unknown command.
Your frozen ramparts will break if you move.
Continue?
The wall freezes something but does no damage.
The wall freezes something.
The wall freezes the orc wizard.
The orc wizard begins to cast a spell, but is stunned by your conviction!
The wall freezes the bullfrog.
The bullfrog seems to slow down.
The wall freezes the jelly!
The jelly barely misses you.
The wall freezes something.
Something hits you!
* * * LOW HITPOINT WARNING * * *
The white imp resists.
The wall freezes the white imp.
The white imp gestures at you. The puff of frost hits you!
You die...

####
##..##
##≈..o##
#$.##5.#
#..Z@..#
#...J.§#
#.o##K!#
##≈.F.##
##..#c
####..
.# ##


You could see a kobold brigand, a bullfrog (slow), a centaur, a jelly, an orc
wizard, a white imp, an orc and a howler monkey zombie.

Vanquished Creatures
  Eustachio (D:5)
  A necrophage (D:5)
  2 phantoms (D:5)
  2 scorpions (D:4)
  A water moccasin skeleton (D:5)
  2 centaur zombies
  2 jellies
  A hound (D:3)
  An orc priest (D:5)
  A scorpion zombie (D:5)
  3 iguanas (D:4)
  A hound zombie (D:5)
  3 gnolls (D:4)
  7 adders
  A shadow imp (D:5)
  An adder skeleton (D:4)
  A worm (D:4)
  2 dart slugs (D:2)
  9 orcs
  5 endoplasms
  8 giant cockroaches
  7 goblins
  6 hobgoblins
  10 jackals
  10 kobolds
  5 quokkas
  10 ball pythons
  5 bats
  7 frilled lizards
  3 rats
118 creatures vanquished.

Vanquished Creatures (others)
  9 plants (Sewer)
9 creatures vanquished.

Grand Total: 127 creatures vanquished

Notes
Turn   | Place    | Note
-------+----------+-------------------------------------------
     0 | D:1      | shoop the Barachi Ice Elementalist began the quest for the
                  | Orb.
     0 | D:1      | Reached XP level 1. HP: 13/13 MP: 3/3
   270 | D:1      | Reached skill level 5 in Ice Magic
   516 | D:1      | Reached XP level 2. HP: 20/20 MP: 3/5
   679 | D:1      | Found a faded altar of an unknown god.
   695 | D:1      | Became a worshipper of Ru the Awakened
   704 | D:1      | Gained mutation: You are hated by all. [Ru sacrifice]
   704 | D:1      | Reached * piety under Ru
   717 | D:1      | Reached skill level 1 in Fighting
  1063 | D:2      | Reached XP level 3. HP: 26/26 MP: 3/6
  1270 | D:2      | Learned a level 3 spell: Frozen Ramparts
  1739 | D:2      | You fall into a shaft and drop 1 floor!
  1739 | D:3      | Found a bloodstained altar of Trog.
  1741 | D:3      | Got the Almanac of Retrieval
  1863 | D:3      | Reached skill level 1 in Armour
  1863 | D:3      | Reached XP level 4. HP: 27/33 MP: 8/8
  2507 | D:2      | Reached skill level 6 in Ice Magic
  2512 | D:2      | Learned a level 4 spell: Hailstorm
  2919 | D:3      | Found a shimmering blue altar of Sif Muna.
  2922 | D:3      | Found a glowing golden altar of the Shining One.
  2922 | D:3      | Found a stormy altar of Qazlal.
  2923 | D:3      | Found a shimmering altar of Xom.
  2923 | D:3      | Found a hide-covered altar of Uskayaw.
  2951 | D:4      | Found a staircase to the Ecumenical Temple.
  3044 | D:4      | Noticed a scorpion
  3053 | D:4      | Killed a scorpion
  3054 | D:4      | Reached XP level 5. HP: 38/38 MP: 9/9
  3338 | D:4      | Found a glowing drain.
  3393 | Sewer    | Entered a sewer
  3532 | Sewer    | Reached XP level 6. HP: 44/44 MP: 10/10
  3967 | Sewer    | Gained mutation: You are missing a hand. [Ru sacrifice]
  3967 | Sewer    | Reached ** piety under Ru
  3967 | Sewer    | Reached *** piety under Ru
  3967 | Sewer    | Reached **** piety under Ru
  4632 | D:4      | Reached skill level 1 in Evocations
  4632 | D:4      | Reached XP level 7. HP: 50/50 MP: 12/12
  4838 | D:5      | Entered Level 5 of the Dungeon
  4838 | D:5      | Noticed Eustachio
  4894 | D:5      | Found a broken altar of Ashenzari.
  4899 | D:5      | Found a glowing golden altar of the Shining One.
  5321 | D:5      | Found an ornate altar of the Wu Jian Council.
  5368 | D:5      | Reached skill level 7 in Ice Magic
  6051 | D:5      | Killed Eustachio
  6052 | D:5      | Reached skill level 5 in Conjurations
  6052 | D:5      | Reached XP level 8. HP: 56/56 MP: 15/15
  6363 | D:5      | You fall into a shaft and drop 2 floors!
  6437 | D:6      | Killed from afar by a white imp

Illustrated notes

Levels and vault maps discovered:
D:1:      sevenhm_arrival_forest_fort_large_1, layout_basic,
          ebering_ecumenical_altar_petrified, hangedman_feature_mirror
D:2:      layout_basic, grunt_ministairs_1
D:3:      layout_rooms, trog_book, doesnt_xom_only_xom
D:4:      layout_cave_pods, minmay_temple_entry_gardened_gates,
          serial_column_ruins, column_ruins_pillar_1, column_ruins_pillar_1,
          column_ruins_pillar_1, column_ruins_pillar_2, column_ruins_pillar_6,
          column_ruins_pillar_6, column_ruins_pillar_2, column_ruins_pillar_1,
          column_ruins_pillar_5, column_ruins_pillar_2, column_ruins_pillar_7,
          column_ruins_pillar_5, column_ruins_pillar_2, gup_sewer_entry_spiral
D:5:      layout_loops_ring, nicolae_wu_jian_wuxing_cycle, minitemple,
          nicolae_elemental_shop, uniq_eustachio
D:6:      layout_basic, mainiacjoe_overflow_brackets,
          nicolae_overflow_hidden_temple, nzn_random_ring, uniq_pikel,
          uniq_sigmund
D:7:      layout_loops_cross

Skill      XL: |  1  2  3  4  5  6  7 |
---------------+----------------------+-----
Ice Magic      | 5 6 7 |  7.7
Stealth        | 2 |  2.0
Fighting       | 1 2 |  2.1
Armour         | 1 2 |  2.0
Spellcasting   | 3 4 |  4.9
Conjurations   | 2 3 5 |  5.2
Evocations     | 1 3 |  3.0
Dodging        | |  2.2

Action                   |  1- 3 |  4- 6 |  7- 9 || total
-------------------------+-------+-------+-------++-------
Melee: Unarmed           |     2 |       |       ||     2
       Quarterstaff      |       |     2 |       ||     2
       Dagger            |       |    11 |    45 ||    56
       Hand axe          |       |       |    29 ||    29
 Cast: Freeze            |    51 |    96 |     3 ||   150
       Frozen Ramparts   |       |     4 |     5 ||     9
       Hailstorm         |       |     1 |     1 ||     2
Invok: Sacrifice Love    |     1 |       |       ||     1
       Sacrifice a Hand  |       |     1 |       ||     1
Evoke: Wand              |       |       |     1 ||     1
  Use: Scroll            |       |       |    10 ||    10
 Stab: Sleeping          |     1 |       |     1 ||     2
Armor: Robe              |     4 |       |       ||     4
       Leather armour    |     4 |    13 |    13 ||    30
Dodge: Dodged            |    20 |    34 |    32 ||    86
